Map: Sementes de Aiur

Players

goodoldman

  • Race: Terran Terran
  • League: Silver
  • Spawn Location: 7:00

abocgo

  • Race: Protoss Protoss
  • Spawn Location: 7:00

IagoAbreu - Winner!

  • Race: Zerg Zerg
  • League: Gold
  • Spawn Location: 1:00

MakiMali - Winner!

  • Race: Zerg Zerg
  • Spawn Location: 1:00

VOD

Have the link to the VOD?

Description

Time

  • Played on: May 13, 2018, 3:02 p.m.
  • Length: 9:45
Show
View Real Time Build Order
Export as new Build Order

goodoldman Terran 

Build Orders:  

Get SALT Encoding   

  12  0:10  Refinery  
  12  0:15  Refinery  
  12  0:34  Supply Depot  
  12  0:50  SCV  
  13  1:04  Supply Depot  
  13  1:09  SCV  
  14  1:20  Barracks  
  14  1:22  SCV  
  15  1:35  SCV  
  16  1:47  SCV  
  17  1:59  SCV  
  18  2:11  SCV  
  18  2:13  Bunker  
  19  2:32  SCV  
  19  2:36  Barracks Tech Lab  
  20  2:42  Factory  
  20  2:53  Supply Depot  
  20  3:11  Marine  
  21  3:16  SCV  
  22  3:28  SCV  
  23  3:37  Command Center  
  23  3:41  SCV  
  24  3:43  Starport  
  24  3:46  Factory Tech Lab  
  24  3:56  Marauder  
  25  4:18  Marauder  
  25  4:20  Hellion  
  8  5:51  Viking  
  9  6:05  Marine  
  10  6:21  Viking  
  10  6:22  Marine  
  9  7:34  Viking  
  9  8:01  Marine  
  10  8:19  Marine  
  11  8:28  Factory Tech Lab  
  11  8:40  SCV  
  6  9:12  SCV  
  5  9:24  SCV  
Show
View Real Time Build Order
Export as new Build Order

abocgo Protoss 

Build Orders:  

Get SALT Encoding   

  12  0:45  Probe  
  13  0:51  Pylon  
  13  0:53  Probe  
  13  1:03  Probe  
  15  1:16  Nexus  
  15  1:27  Probe  
  16  1:38  Forge, Probe  
  17  1:43  Assimilator x2  
  17  1:46  Probe  
  18  1:54  Probe  
  19  2:15  Photon Cannon  
  19  2:19  Photon Cannon  
  19  2:20  Photon Cannon  
  19  2:30  Pylon  
  19  2:36  Probe  
  20  2:44  Probe  
  21  2:54  Probe  
  22  3:01  Pylon  
  22  3:06  Probe  
  22  3:07  Assimilator  
  23  3:18  Probe  
  24  3:20  Gateway  
  24  3:26  Pylon  
  24  3:28  Probe  
  25  3:36  Probe  
  26  3:45  Probe  
  26  3:51  Assimilator  
  27  3:56  Probe  
  28  4:08  Probe  
  29  4:11  Cybernetics Core  
  29  4:21  Probe  
  30  4:29  Probe  
  30  4:37  Probe  
  32  4:51  Stargate  
  32  4:53  Stargate  
  32  4:56  Stargate  
  32  5:00  Pylon  
  32  5:25  Void Ray  
  32  5:27  Void Ray  
  30  5:30  Void Ray  
  44  6:37  Pylon  
  44  6:39  Void Ray  
  44  6:40  Pylon  
  44  6:41  Void Ray  
  44  6:57  Pylon  
  44  7:04  Pylon  
  44  7:19  Void Ray  
  47  7:59  Void Ray  
  47  8:00  Void Ray  
  51  8:21  Void Ray  
  35  8:34  Void Ray  
  35  9:28  Pylon  
  35  9:32  Pylon  
Show
View Real Time Build Order
Export as new Build Order

IagoAbreu Zerg - Winner!

Build Orders: Pool First 

Get SALT Encoding   

  12  0:02  Drone  
  13  0:13  Overlord  
  13  0:22  Drone  
  14  0:29  Extractor  
  14  0:30  Drone  
  14  0:33  Drone  
  15  0:59  Spawning Pool  
  14  1:04  Drone  
  14  1:05  Drone  
  14  1:06  Drone  
  14  1:10  Evolution Chamber  
  16  1:17  Drone  
  17  1:43  Hatchery  
  16  1:49  Drone  
  16  1:51  Drone  
  18  1:59  Drone  
  19  2:11  Roach Warren  
  18  2:16  Zerg Missile Weapons Level 1  
  18  2:18  Drone  
  19  2:41  Extractor  
  19  2:42  Drone x3  
  21  2:57  Queen  
  23  2:59  Roach  
  25  3:09  Drone  
  26  3:13  Roach  
  28  3:32  Overlord x3  
  28  3:47  Overlord  
  28  3:51  Lair  
  28  3:56  Roach x2  
  28  3:57  Roach  
  34  4:10  Roach x3  
  40  4:28  Drone x2  
  42  4:55  Roach, Spine Crawler  
  42  4:56  Roach x3  
  42  4:57  Spine Crawler  
  46  5:21  Overlord x3  
  44  5:53  Drone x2  
  46  5:57  Roach x3  
  46  5:58  Roach  
  46  6:01  Ravager x3  
  41  6:52  Spore Crawler  
  41  6:53  Spore Crawler  
  36  7:26  Roach x8  
  54  7:30  Ravager x3  
  52  7:57  Hydralisk Den  
  51  8:07  Spire  
  51  8:08  Hatchery  
  51  8:10  Ravager x2  
  51  8:11  Ravager  
  46  8:39  Ravager x2  
  48  8:45  Hydralisk  
  48  8:46  Hydralisk  
Show
View Real Time Build Order
Export as new Build Order

MakiMali Zerg - Winner!

Build Orders: Pool First 

Get SALT Encoding   

  12  0:08  Overlord  
  12  0:17  Drone  
  13  0:22  Drone  
  13  0:27  Drone  
  15  0:31  Drone  
  16  0:40  Extractor  
  15  0:49  Spawning Pool  
  14  0:50  Drone  
  15  1:01  Drone  
  16  1:08  Drone  
  17  1:31  Drone x2  
  19  1:41  Roach Warren  
  18  2:00  Lair  
  19  2:23  Drone x2  
  19  2:24  Hatchery, Drone  
  19  2:27  Hatchery  
  20  2:37  Drone  
  21  2:47  Drone  
  22  2:58  Overlord  
  22  3:10  Extractor  
  21  3:21  Spire  
  20  3:28  Queen  
  20  3:32  Drone x2, Overlord  
  24  3:59  Drone x3  
  27  4:04  Queen  
  29  4:14  Queen  
  29  4:16  Extractor  
  30  4:17  Queen  
  32  4:36  Mutalisk x3  
  38  4:49  Mutalisk  
  38  4:50  Queen  
  42  4:53  Queen  
  42  4:55  Drone x2  
  42  4:56  Drone  
  42  4:58  Drone  
  42  4:59  Drone  
  49  5:44  Mutalisk  
  45  6:29  Mutalisk  
  45  6:30  Mutalisk  
  45  6:32  Overlord x3  
  47  6:47  Mutalisk  
  47  6:49  Overlord x2  
  47  7:04  Lair  
  47  7:13  Hydralisk Den  
  44  7:59  Hydralisk x2  
  44  8:00  Hydralisk x5  
  44  8:01  Hydralisk  
  44  8:03  Hydralisk x4  
  44  8:04  Hydralisk x2  
  72  8:06  Hydralisk  
  72  8:07  Hydralisk x4  
  78  8:37  Hydralisk  
  78  8:38  Hydralisk x3  
  78  8:41  Hydralisk  
  88  8:59  Hydralisk  
  90  9:02  Overlord  
  90  9:03  Overlord  
Tags
 
Add a new tag
Caveats
  • Supply blocks, unpowered buildings, or Contaminate may cause inaccurate times.
  • Supply counts are checked every 10 seconds.